 Dungeon Crawl Stone Soup version 0.28-a0-381-g937acc2988 (webtiles) character file.

Game seed: 9953432407808504470

1155 CraigForest the Covered (level 8, 0/68 HPs)
             Began as a Minotaur Berserker on Sept 2, 2021.
             Was a Priest of Trog.
             Slain by an ogre (2 damage)
             ... on level 6 of the Dungeon.
             The game lasted 00:24:47 (5287 turns).

CraigForest the Covered (Minotaur Berserker)        Turns: 5287, Time: 00:24:47

Health: 0/68       AC: 11    Str: 24    XL:     8   Next: 16%
Magic:  16/16      EV:  9    Int:  4    God:    Trog [***...]
Gold:   197        SH:  0    Dex: 10    Spells: 7/7 levels left

rFire   + . .      SeeInvis .   n - +2 scythe (vorpal)
rCold   . . .      Faith    .   (shield currently unavailable)
rNeg    . . .      Spirit   .   g - +0 chain mail
rPois   .          Reflect  .   (helmet restricted)
rElec   .          Harm     .   (no cloak)
rCorr   .          Rampage  .   (no gloves)
Will    .....                   H - +0 pair of boots
Stlth   ..........              (no amulet)
HPRegen 0.21/turn               q - ring of magical power
MPRegen 0.15/turn               D - ring of protection from fire

@: no status effects
A: horns 2, retaliatory headbutt
a: Renounce Religion, Berserk, Trog's Hand


You were on level 6 of the Dungeon.
You worshipped Trog.
Trog was most pleased with you.
You visited 1 branch of the dungeon, and saw 6 of its levels.

You collected 197 gold pieces.

Inventory:

Hand Weapons
 a - a +0 hand axe
 b - a +0 hand crossbow
 n - a +2 vorpal scythe (weapon)
 x - a +0 halberd
 z - a +2 short sword of electrocution
 C - a +0 flail
Missiles
 c - 36 arrows
 e - 7 silver javelins (quivered)
 l - 100 stones
 t - 26 poisoned darts
 A - 13 bolts
Armour
 g - a +0 chain mail (worn)
 w - the +0 leather armour of Indomitability {Will- Regen+ Dex+3}
   (You found it on level 5 of the Dungeon)

   Dex:       It affects your dexterity (+3).
   Regen:     It increases your rate of health regeneration.
   Will:      It decreases your willpower.
 H - a +0 pair of boots (worn)
 I - a +0 pair of boots
Jewellery
 q - a ring of magical power (left hand)
 D - a ring of protection from fire (right hand)
Wands
 y - a wand of iceblast (12)
Scrolls
 f - 5 scrolls of identify {unknown}
 i - a scroll of enchant armour {unknown}
 k - 2 scrolls of enchant weapon {unknown}
 v - a scroll of teleportation {unknown}
 B - a scroll of torment {unknown}
 F - a scroll of immolation {unknown}
 G - a scroll of noise {unknown}
Potions
 d - 2 potions of haste
 h - a potion of brilliance {unknown}
 j - a potion of might {unknown}
 m - a potion of curing {unknown}
 o - a potion of heal wounds {unknown}
 p - a potion of attraction {unknown}
 r - 2 potions of lignification {unknown}
 s - a potion of flight {unknown}
 u - a potion of magic
 E - 2 potions of degeneration {unknown}


   Skills:
 + Level 5.3 Fighting
 * Level 5.6(6.8) Axes
 - Level 4.9(6.1) Maces & Flails
 - Level 2.8(4.6) Polearms
 + Level 6.0 Armour
 + Level 3.6 Dodging
 + Level 4.4 Shields


You had 7 spell levels left.
You didn't know any spells.
Your spell library contained the following spells:

 Spells                   Type           Power      Damage    Failure   Level
 Summon Small Mammal      Summ           0%         N/A       98%         1
 Call Canine Familiar     Summ           0%         N/A       100%        3
 Gell's Gravitas          Tloc           0%         N/A       100%        3
 Lesser Beckoning         Tloc           0%         N/A       100%        3
 Summon Guardian Golem    Hex/Summ       0%         N/A       100%        3
 Teleport Other           Tloc           0%         N/A       100%        3


Dungeon Overview and Level Annotations

Branches:
Dungeon (6/15)
 Temple: D:4-7

Altars:
Ashenzari
Dithmenos
Gozag
Nemelex Xobeh
Ru
Sif Muna
Wu Jian

Shops:
D:2 *


Innate Abilities, Weirdness & Mutations

You have a pair of horns on your head.
You reflexively headbutt those who attack you in melee.


Message History

You barely miss the orc. You headbutt the orc!
You kill the orc!
Trog accepts your kill.
An ogre comes into view. It is wielding a +0 giant spiked club.
The ogre shouts!
Things that are here:
a +0 short sword; a +0 leather armour You closely miss the orc priest.
You headbutt the orc priest.
The orc priest is moderately wounded.
The orc priest barely misses you. The orc hits you but does no damage.
The orc priest closely misses you. The orc completely misses you.
You slash the orc priest!
The orc priest is almost dead.
The orc priest invokes the aid of Beogh against you.
Beogh smites you! The orc hits you but does no damage.
The orc hits you with a +0 hand axe.
The orc priest hits you with a +0 flail.
The orc hits you but does no damage. The orc barely misses you.
You slash the orc priest!
You kill the orc priest!
Trog accepts your kill. The orc hits you but does no damage. x3
The orc hits you with a +0 hand axe.
You slash the ogre!
The ogre is severely wounded.
The ogre hits you with a +0 giant spiked club!
The ogre barely misses you. You furiously retaliate!
You headbutt the ogre. You barely miss the ogre. Your headbutt misses the ogre.
The ogre is almost dead.
The ogre closely misses you.
Your chain mail prevents you from hitting the ogre.
You headbutt the ogre.
The ogre is almost dead.
The ogre hits you with a +0 giant spiked club!
You completely miss the ogre.
The ogre is almost dead.
The ogre hits you with a +0 giant spiked club!!
* * * LOW HITPOINT WARNING * * *
The ogre hits you with a +0 giant spiked club.
You die...

#....# #...#.##.......).
########..### #...####.........
#.........# #..#.###.........
#......##.#####...#.##..####...
#.....###.#...#....##...####...
#.....###.#...#.######..##.....
#.<...#...........#........#...
#.............###..............
#.............@Ooo.............
#........<....###..............
#.............##...............
#####.........#..#.............
#.....).....##....#........
#.........####.####..#...##
#.........# #.# ...###....
#.......>.# ... ...# #.##.
#.........# ......### .# .


You could see an ogre and 2 orcs.

Vanquished Creatures
  Sigmund (D:2)
  2 ogres
  A phantom (D:5)
  3 scorpions (D:5)
  A water moccasin skeleton (D:6)
  A centaur skeleton (D:6)
  A hound (D:5)
  2 orc priests
  A bullfrog skeleton (D:5)
  Ijyb (D:4)
  2 iguanas
  Natasha (thrice) (D:2)
  4 gnolls (D:4)
  7 adders
  A howler monkey skeleton (D:4)
  A shadow imp (D:6)
  A white imp (D:4)
  2 ufetubi
  An adder skeleton (D:4)
  2 worms
  5 dart slugs
  12 orcs
  4 ball pythons
  8 endoplasms
  3 giant cockroaches (D:1)
  5 hobgoblins
  A jackal (D:4)
  4 quokkas
  2 bats
  4 frilled lizards
  6 goblins
  7 kobolds
  6 rats
105 creatures vanquished.

Vanquished Creatures (others)
  A fungus (D:1)
  7 plants
8 creatures vanquished.

Grand Total: 113 creatures vanquished

Notes
Turn   | Place    | Note
-------+----------+-------------------------------------------
     0 | D:1      | CraigForest the Minotaur Berserker began the quest for the
                  | Orb.
     0 | D:1      | Reached XP level 1. HP: 19/19 MP: 0/0
   123 | D:1      | Found a faded altar of an unknown god.
   194 | D:1      | Reached XP level 2. HP: 25/27 MP: 1/1
  1054 | D:2      | Found Cufilu Miery's Assorted Antiques.
  1062 | D:2      | Reached XP level 3. HP: 33/33 MP: 2/2
  1298 | D:2      | Noticed Natasha
  1302 | D:2      | Killed Natasha
  1303 | D:2      | Reached skill level 1 in Shields
  1384 | D:2      | Noticed Natasha
  1388 | D:2      | Killed Natasha
  1389 | D:2      | Reached skill level 3 in Armour
  1389 | D:2      | Reached XP level 4. HP: 40/40 MP: 3/3
  1514 | D:2      | Reached ** piety under Trog
  1686 | D:2      | Noticed Sigmund
  1698 | D:2      | Killed Sigmund
  1699 | D:2      | Reached skill level 1 in Axes
  1699 | D:2      | Reached XP level 5. HP: 35/47 MP: 4/4
  1847 | D:2      | Reached XP level 6. HP: 52/53 MP: 5/5
  2024 | D:2      | Noticed Natasha
  2026 | D:2      | Killed Natasha
  2416 | D:3      | Reached skill level 4 in Armour
  2667 | D:3      | Found a shimmering blue altar of Sif Muna.
  2674 | D:3      | Found an opulent altar of Gozag.
  2682 | D:3      | Found a broken altar of Ashenzari.
  2689 | D:3      | Found a sparkling altar of Nemelex Xobeh.
  2697 | D:3      | Found a sacrificial altar of Ru.
  2705 | D:3      | Found an ornate altar of the Wu Jian Council.
  2710 | D:3      | Found a shadowy altar of Dithmenos.
  2967 | D:4      | Reached skill level 1 in Polearms
  3218 | D:4      | Noticed Ijyb
  3231 | D:4      | Reached XP level 7. HP: 56/60 MP: 6/6
  3242 | D:4      | Killed Ijyb
  3611 | D:4      | Reached *** piety under Trog
  3784 | D:5      | Entered Level 5 of the Dungeon
  3890 | D:5      | Reached skill level 5 in Fighting
  3890 | D:5      | Reached skill level 5 in Armour
  4622 | D:5      | Reached skill level 5 in Axes
  4622 | D:5      | Reached XP level 8. HP: 68/68 MP: 7/7
  4763 | D:5      | Identified the +0 leather armour of Indomitability {Will-
                  | Regen+ Dex+3}
  5224 | D:6      | Reached skill level 6 in Armour
  5287 | D:6      | HP: 2/68 [ogre (21)]
  5287 | D:6      | Slain by an ogre

Illustrated notes

Levels and vault maps discovered:
D:1:      evilmike_arrival_plus, layout_loops_ring,
          dreamdust_ecumenical_altar_hidden_monk_grotto
D:2:      kb_forest_paths, layout_basic, serial_shops,
          nicolae_shop_overgrown_old_shop, uniq_natasha, uniq_sigmund
D:3:      layout_basic, grunt_temple_overflow_octagram
D:4:      layout_rooms, minmay_misc_feat_secret_circle, st_stairs_3,
          minmay_statues_item, fountainhead, uniq_ijyb
D:5:      layout_basic
D:6:      layout_rooms, serial_shops, nicolae_shop_overgrown_old_shop,
          minmay_misc_feat_rugged

Skill      XL: |  1  2  3  4  5  6  7  8 |
---------------+-------------------------+-----
Fighting       | 4 5 |  5.3
Maces & Flails | 4 |  4.9
Shields        | 1 3 4 |  4.4
Armour         | 3 4 5 6 |  6.0
Axes           | 1 2 5 |  5.6
Dodging        | 3 |  3.6
Polearms       | 2 |  2.8

Action                   |  1- 3 |  4- 6 |  7- 9 || total
-------------------------+-------+-------+-------++-------
Melee: Mace              |    72 |    22 |       ||    94
       Headbutt          |    11 |     6 |    17 ||    34
       Scythe            |       |    60 |    65 ||   125
       Hand axe          |       |       |    33 ||    33
 Fire: Hand crossbow     |       |       |     2 ||     2
Invok: Berserk           |       |       |     1 ||     1
  Use: Potion            |       |       |     1 ||     1
 Stab: Sleeping          |     1 |       |       ||     1
Armor: Robe              |     3 |       |       ||     3
       Animal skin       |     1 |       |       ||     1
       Chain mail        |    16 |    47 |    67 ||   130
Dodge: Dodged            |    34 |    51 |    57 ||   142

Table legend: (Time is in decaauts)
 A = Elapsed time spent in this place.
 B = Non-inter-level travel time spent in this place.
 C = Inter-level travel time spent in this place.
 D = Time resting spent in this place.
 E = Time spent auto-exploring this place.
 F = Levels seen in this place.
 G = Mean time per level.
                   A        B        C        D        E       F      G
               +--------+--------+--------+--------+--------+-----+--------+
         Total |   5431 |   5311 |    120 |     59 |   4089 |   6 |  905.2 |
       Dungeon |   5431 |   5311 |    120 |     59 |   4089 |   6 |  905.2 |
               +--------+--------+--------+--------+--------+-----+--------+

Top non-repeatable levels by time:
     D:5: 1317 daAuts
     D:2: 1264 daAuts
     D:1: 1010 daAuts
     D:4: 831 daAuts
     D:3: 785 daAuts
     D:6: 221 daAuts
